cohdb
Replays
Latest Replays
All Replays
Popular Replays
Top Player Replays
Match Explorer
How It Works
Community
CoH3 Stats
Reddit
Sign in to upload your games and track your stats! →
Sign in with Steam
Match 45356351
Unlisted
Match 45356351
Overview
Messages
Build Orders
End
Construct Section Command Post
Infantry Section
Dingo Light Scout Car
Infantry Section
Infantry Section
Construct Platoon Command Post
Unlock M3 Stuart Light Tanks
M3 Stuart Light Tank
M3 Stuart Light Tank
Selects Heavy Armor Battlegroup
Selects Rigorous Vehicle Training
Selects Forward Repair Assembly
M3 Stuart Light Tank
Light Vehicle Training
6-pounder Anti-tank Gun Team
Construct Company Command Post
Made in Germany
AHOIENMQ
Candi
TheWolf
哦嗦嘎达
nub
oziligath
[CoA] Deathkrieg
0
0
Comments
sign in to comment!
No comments posted yet!